 Dungeon Crawl Stone Soup version 0.27-a0-1529-g1e82c303ef (webtiles) character file.

Game seed: 11536644046562963735

3833 Morbidden the Stinger (level 9, -1/71 HPs)
             Began as a Demigod Venom Mage on July 12, 2021.
             Succumbed to a water moccasin's poison
             ... on level 8 of the Dungeon.
             The game lasted 00:20:24 (12010 turns).

Morbidden the Stinger (Demigod Venom Mage)         Turns: 12010, Time: 00:20:25

Health: -1/71      AC: 13    Str: 11 (13) XL:     9   Next: 66%
Magic:  7/23       EV: 13    Int: 29 (31) God:
Gold:   323        SH:  0    Dex: 12 (14) Spells: 14/21 levels left

rFire    . . .     SeeInvis .   a - +0 dagger (venom)
rCold    + . .     Faith    .   (no shield)
rNeg     . . .     Spirit   .   g - +2 robe {rC+}
rPois    .         Reflect  .   k - +1 helmet
rElec    .         Harm     .   d - +2 cloak
rCorr    .         Rampage  .   (no gloves)
Will     .....                  (no boots)
Stlth    ++........             (no amulet)
HPRegen  0.21/turn              e - +6 ring of intelligence
MPRegen  0.18/turn              f - +4 ring of protection

@: lethally poisoned (-1 -> -6), marked, attractive, very slightly contaminated,
invisible
A: high mp 1, forlorn
a: no special abilities


You were on level 8 of the Dungeon.
You visited 1 branch of the dungeon, and saw 8 of its levels.

You collected 323 gold pieces.

Inventory:

Hand Weapons
 a - a +0 dagger of venom (weapon)
 B - a +1 dagger of freezing
 C - a +0 dagger of holy wrath
Missiles
 o - 12 curare-tipped darts
 r - 11 boomerangs (quivered)
 z - 20 poisoned darts
 F - 4 datura-tipped darts
Armour
 d - a +2 cloak (worn)
 g - a +2 robe of cold resistance (worn)
 k - a +1 helmet (worn)
Jewellery
 e - a +6 ring of intelligence (left hand)
 f - a +4 ring of protection (right hand)
 E - a ring of protection from fire
 I - a +4 ring of protection
Wands
 c - a wand of iceblast (24)
 i - a wand of paralysis (1)
 s - a wand of acid (2)
 D - a wand of flame (31)
Scrolls
 h - a scroll of amnesia
 j - a scroll of fog {unknown}
 l - 4 scrolls of identify
 n - a scroll of enchant weapon {unknown}
 p - a scroll of vulnerability {unknown}
 q - a scroll of enchant armour
 t - a scroll of magic mapping {unknown}
 u - a scroll of teleportation {unknown}
 w - a scroll of acquirement {unknown}
 x - 2 scrolls of summoning {unknown}
 y - a scroll of immolation
 A - 2 scrolls of noise
Potions
 v - a potion of haste {unknown}
 G - a potion of mutation {unknown}


   Skills:
 * Level 4.1 Fighting
 * Level 3.1 Short Blades
 + Level 0.5 Throwing
 * Level 4.8 Dodging
 + Level 2.2 Stealth
 * Level 6.8 Spellcasting
 * Level 3.7 Transmutations
 + Level 2.6 Air Magic
 * Level 7.1 Poison Magic
 + Level 0.2 Evocations


You had 14 spell levels left.
You knew the following spells:

 Your Spells              Type           Power      Damage    Failure   Level
a - Sting                 Tmut/Pois      100%       1d8       1%          1
b - Poisonous Vapours     Pois/Air       76%        N/A       1%          2
c - Olgreb's Toxic Radia  Pois           50%        N/A       2%          4

Your spell library contained the following spells:

 Spells                   Type           Power      Damage    Failure   Level
 Mephitic Cloud           Conj/Pois/Air  28%        N/A       4%          3
 Gell's Gravitas          Tloc           4%         N/A       16%         3
 Inner Flame              Hex/Fire       9%         N/A       16%         3
 Teleport Other           Tloc           9%         N/A       16%         3
 Cause Fear               Hex            4%         N/A       45%         4
 Dispersal                Tloc           4%         N/A       100%        6
 Discord                  Hex            4%         N/A       100%        8


Dungeon Overview and Level Annotations

Branches:
Dungeon (8/15)             Temple (0/1) D:6
   Lair: D:8-11

Annotations:
D:6 Menkaure


Innate Abilities, Weirdness & Mutations

Your attributes grow dramatically as you level up.
You have an increased reservoir of magic. (+10% MP)
You shall have no god before yourself.


Message History

Unknown command.
Unknown command.
A wight comes into view. It is wielding a +0 scimitar.
* * * LOW HITPOINT WARNING * * *
You feel very sick. The water moccasin closely misses you.
The water moccasin barely misses you.
Unknown command.
Unknown command.
Unknown command.
Unknown command.
Unknown command.
Unknown command.
Okay, then.
It was a potion of attraction.
You feel attractive to monsters.
* * * LOW HITPOINT WARNING * * *
You feel sick. The water moccasin bites you.
* * * LOW HITPOINT WARNING * * *
A gnoll comes into view. It is wielding a +0 spear.
The wight is pulled toward you! x2; The gnoll is pulled toward you!
Unknown command.
Unknown command.
Unknown command.
It was a potion of degeneration.
There was something very wrong with that liquid.
You feel weakened.
You feel dopey.
You feel clumsy.
* * * LOW HITPOINT WARNING * * *
You feel sick.
The water moccasin bites you but does no damage.
A gnoll comes into view. It is wielding a +0 spear.
The gnoll is engulfed in blazing flames.
The gnoll misses you. The wight completely misses you.
The water moccasin barely misses you. The gnoll is pulled toward you!
The wight is pulled toward you! The gnoll is pulled toward you!
Unknown command.
Unknown command.
Unknown command.
Unknown command.
You fade further into invisibility.
You die...

.. #...##....#
#..........######
♣...............#
......##.........#
......##....##..##
.....#§§§.##..# ..
#§[g..# .# #§g§..#
.. +S@..## ##
#zz?.# #z.z..+
.......# ........#
>.........#
(..).....##
...##....#


You could see a water moccasin (inner flame), 4 wights and 2 gnolls.

Vanquished Creatures
  3 wyverns
  2 steam dragons
  3 water moccasins
  Duvessa (D:6)
  An orc warrior (D:6)
  3 black bears (D:8)
  An ice beast (D:6)
  A sky beast (D:5)
  A necrophage (D:6)
  2 centaurs
  2 ogres
  3 wolves (D:8)
  2 phantoms
  A kobold brigand (D:6)
  A bullfrog (D:8)
  A scorpion (D:6)
  A water moccasin zombie (D:5)
  Dowan (D:6)
  A wyvern skeleton (D:7)
  A water moccasin skeleton (D:5)
  3 killer bees (D:8)
  A howler monkey (D:7)
  2 centaur zombies
  3 hounds
  4 jellies
  A centaur skeleton (D:5)
  3 iguanas
  Ijyb (D:3)
  3 bullfrog skeletons
  Terence (D:3)
  3 orc wizards
  A killer bee zombie (D:8)
  Robin (D:2)
  6 adders
  A shadow imp (D:7)
  A white imp (D:7)
  3 ufetubi
  A worm (D:3)
  2 dart slugs
  12 orcs
  5 endoplasms
  4 giant cockroaches
  14 goblins
  10 hobgoblins
  7 jackals
  A quokka (D:1)
  7 ball pythons
  3 bats
  A frilled lizard (D:2)
  14 kobolds
  7 rats
158 creatures vanquished.

Vanquished Creatures (others)
  2 fungi (D:8)
  20 plants (D:8)
22 creatures vanquished.

Grand Total: 180 creatures vanquished

Notes
Turn   | Place    | Note
-------+----------+-------------------------------------------
     0 | D:1      | Morbidden the Demigod Venom Mage began the quest for the
                  | Orb.
     0 | D:1      | Reached XP level 1. HP: 14/14 MP: 5/5
   247 | D:1      | Reached skill level 1 in Transmutations
   523 | D:1      | You fall into a shaft and drop 1 floor!
   524 | D:2      | You fall into a shaft and drop 2 floors!
   533 | D:4      | Reached skill level 1 in Fighting
   533 | D:4      | Reached XP level 2. HP: 17/23 MP: 0/7
   596 | D:4      | Learned a level 2 spell: Poisonous Vapours
   699 | D:4      | Reached skill level 3 in Poison Magic
   699 | D:4      | Reached XP level 3. HP: 14/28 MP: 1/8
  1129 | D:3      | Noticed Ijyb
  1141 | D:3      | Paralysed by Ijyb for 4 turns
  1146 | D:3      | Killed Ijyb
  1147 | D:3      | Reached XP level 4. HP: 35/35 MP: 0/10
  1566 | D:2      | Noticed Robin
  1579 | D:2      | Killed Robin
  2249 | D:2      | Reached XP level 5. HP: 41/41 MP: 12/12
  3483 | D:2      | Learned a level 4 spell: Olgreb's Toxic Radiance
  4133 | D:3      | Noticed Terence
  4142 | D:3      | Killed Terence
  4760 | D:4      | You fall into a shaft and drop 1 floor!
  4760 | D:5      | Entered Level 5 of the Dungeon
  5154 | D:4      | Reached skill level 1 in Air Magic
  5154 | D:4      | Reached XP level 6. HP: 35/48 MP: 12/14
  5374 | D:4      | Reached skill level 4 in Poison Magic
  5927 | D:5      | Reached XP level 7. HP: 51/56 MP: 7/16
  6701 | D:5      | Reached skill level 1 in Short Blades
  7161 | D:6      | Reached skill level 5 in Poison Magic
  7485 | D:6      | Noticed Duvessa
  7486 | D:6      | Noticed Dowan
  7500 | D:6      | Killed Duvessa
  7501 | D:6      | Reached XP level 8. HP: 61/63 MP: 7/18
  7518 | D:6      | Killed Dowan
  7675 | D:6      | Noticed Menkaure
  8141 | D:6      | Reached skill level 5 in Spellcasting
  9113 | D:6      | Found a staircase to the Ecumenical Temple.
 10262 | D:7      | Reached skill level 6 in Poison Magic
 11051 | D:7      | Reached XP level 9. HP: 16/71 MP: 19/21
 11997 | D:8      | Reached skill level 7 in Poison Magic
 12008 | D:8      | HP: 2/71 [water moccasin (5)]
 12010 | D:8      | Succumbed to a water moccasin's poison

Illustrated notes

Levels and vault maps discovered:
D:1:      minmay_arrival_diagonal_passages, layout_basic,
          chequers_ecumenical_altar_lobes, minmay_tromino_i4
D:2:      layout_basic, uniq_robin
D:3:      layout_basic, uniq_terence, uniq_ijyb
D:4:      layout_loops_ring
D:5:      layout_loops_cross, nicolae_zen_rock_garden, patterned_corridor
D:6:      layout_layer_cave, temple_statues, item_on_display_a, uniq_duvessa,
          uniq_menkaure
D:7:      layout_loops_ring, mainiacjoe_overflow_cross_hatched, serial_glass,
          glass_columns_a, glass_columns_a
D:8:      layout_gridville, minmay_lair_entry_grove

Skill      XL: |  1  2  3  4  5  6  7  8  9 |
---------------+----------------------------+-----
Transmutations | 1 2 3 |  3.7
Fighting       | 1 2 3 4 |  4.1
Dodging        | 2 3 4 |  4.8
Poison Magic   | 3 4 5 6 7 |  7.1
Spellcasting   | 2 3 4 5 6 |  6.8
Stealth        | 2 |  2.2
Air Magic      | 1 2 |  2.6
Short Blades   | 1 2 3 |  3.1
Throwing       | |  0.5
Evocations     | |  0.2

Action                   |  1- 3 |  4- 6 |  7- 9 || total
-------------------------+-------+-------+-------++-------
Melee: Dagger            |    18 |   104 |   317 ||   439
       Unarmed           |     3 |       |       ||     3
Throw: Boomerang         |       |       |    10 ||    10
 Cast: Sting             |    37 |   106 |    89 ||   232
       Poisonous Vapours |     8 |    70 |    79 ||   157
       Olgreb's Toxic Ra |       |       |    24 ||    24
Evoke: Wand              |       |     5 |     2 ||     7
  Use: Scroll            |       |       |     5 ||     5
       Potion            |       |       |     6 ||     6
Armor: Robe              |     7 |    85 |   187 ||   279
Dodge: Dodged            |    31 |   109 |   343 ||   483

Table legend: (Time is in decaauts)
 A = Elapsed time spent in this place.
 B = Non-inter-level travel time spent in this place.
 C = Inter-level travel time spent in this place.
 D = Time resting spent in this place.
 E = Time spent auto-exploring this place.
 F = Levels seen in this place.
 G = Mean time per level.
                   A        B        C        D        E       F      G
               +--------+--------+--------+--------+--------+-----+--------+
         Total |  11990 |  11772 |    218 |    896 |   9227 |   8 | 1498.8 |
       Dungeon |  11990 |  11772 |    218 |    896 |   9227 |   8 | 1498.8 |
               +--------+--------+--------+--------+--------+-----+--------+

Top non-repeatable levels by time:
     D:6: 2454 daAuts
     D:5: 1790 daAuts
     D:7: 1769 daAuts
     D:1: 1607 daAuts
     D:2: 1496 daAuts
     D:4: 1233 daAuts
     D:3: 1035 daAuts
     D:8: 603 daAuts
